[ AOE2 MATCH · #506806622 ]
UnrankedSlavs vs Malay
Player's team · WIN
Rival team · LOSS
[ REPLAY ANALYSIS · EXTRACTED FROM THE RECORDED GAME ]
Feudal
9:17
Castle
25:48
Imperial
—
| APM avg | 75.9 |
| APM peak | 136 |
| eAPM avg | 43.3 |
| Villagers / military | 76 / 44 |
Focus
⚔️ 65.4% · 🌾 34.6%
Monk ×23 · Spearman ×9 · Archer ×6 · Skirmisher ×4 · Militia ×2
Feudal
8:08
Castle
21:27
Imperial
—
| APM avg | 71.0 |
| APM peak | 103 |
| eAPM avg | 26.6 |
| Villagers / military | 70 / 62 |
Focus
⚔️ 27.9% · 🌾 72.1%
Militia ×28 · Scout Cavalry ×10 · Battle Elephant ×9 · Scorpion ×8 · Battering Ram ×4 · Spearman ×3
Match map
Initial resources + every placement click. Lines = walls · curves = elevation contours. ◆ gold · ⬟ stone · ● berries · ✦ relic · ◌ wall gap
Your base· ✓ Closed at 25:48 · 53t walls · 2 gate(s)
Scruffles's base· ✓ Closed at 21:27 · 41t walls · fragile
Smoothed initial terrain · ◌ = detected wall gap · hover for details
Inputs per minute
— twitch.tv/s0laf1d3 - - Scruffles
Build order — twitch.tv/s0laf1d3
First 150 of 259 actions detected
| 0:02 | Queue | Villager (Male) ×4 |
| 0:03 | Build | House |
| 0:05 | Build | House |
| 1:25 | Queue | Villager (Male) |
| 1:49 | Build | Lumber Camp |
| 1:57 | Queue | Villager (Male) |
| 2:14 | Queue | Villager (Male) |
| 2:50 | Queue | Villager (Male) |
| 2:59 | Build | House |
| 3:00 | Build | House |
| 3:09 | Queue | Villager (Male) |
| 3:21 | Queue | Villager (Male) |
| 3:37 | Queue | Villager (Male) |
| 4:11 | Queue | Villager (Male) |
| 4:25 | Queue | Villager (Male) |
| 5:12 | Queue | Villager (Male) |
| 5:33 | Queue | Villager (Male) |
| 5:54 | Build | Barracks |
| 6:15 | Queue | Villager (Male) |
| 6:36 | Queue | Villager (Male) |
| 6:52 | Research | Feudal Age |
| 6:53 | Research | Loom |
| 7:17 | Build | Palisade Wall |
| 7:19 | Build | Palisade Wall |
| 7:20 | Build | Palisade Wall |
| 7:26 | Build | Mining Camp |
| 7:35 | Queue | Villager (Male) |
| 7:51 | Queue | Militia |
| 7:57 | Queue | Militia |
| 8:54 | Build | Palisade Wall |
| 9:17 | Age | Feudal Age |
| 9:32 | Build | Mining Camp |
| 10:23 | Queue | Villager (Male) |
| 10:24 | Queue | Villager (Male) |
| 10:33 | Queue | Villager (Male) |
| 10:35 | Build | Palisade Wall |
| 10:47 | Build | Palisade Wall |
| 11:05 | Build | Palisade Wall |
| 11:07 | Build | Palisade Wall |
| 11:08 | Build | Palisade Wall |
| 11:29 | Build | Mill |
| 11:30 | Queue | Villager (Male) |
| 11:56 | Build | Market |
| 11:59 | Build | Archery Range |
| 12:13 | Queue | Villager (Male) |
| 12:33 | Build | Palisade Wall |
| 12:36 | Build | Palisade Wall |
| 12:38 | Build | Palisade Wall |
| 12:44 | Queue | Villager (Male) |
| 12:52 | Queue | Archer |
| 12:53 | Queue | Archer |
| 12:55 | Build | Palisade Wall |
| 12:57 | Build | Palisade Wall |
| 13:01 | Build | Palisade Wall |
| 13:03 | Build | Palisade Wall |
| 13:04 | Build | Palisade Wall |
| 13:14 | Build | Palisade Wall |
| 13:22 | Build | Palisade Gate |
| 13:24 | Queue | Villager (Male) |
| 13:33 | Queue | Archer |
| 13:46 | Build | Palisade Wall |
| 13:55 | Build | Blacksmith |
| 14:03 | Queue | Villager (Male) |
| 14:31 | Queue | Villager (Male) |
| 14:47 | Build | Palisade Wall |
| 15:14 | Research | Fletching |
| 15:15 | Queue | Archer |
| 16:03 | Queue | Villager (Male) |
| 16:18 | Queue | Skirmisher |
| 16:27 | Build | Mill |
| 16:30 | Queue | Skirmisher |
| 17:02 | Build | Farm |
| 17:06 | Build | Watch Tower |
| 17:41 | Queue | Villager (Male) |
| 17:48 | Queue | Skirmisher |
| 17:52 | Build | Farm |
| 17:59 | Queue | Villager (Male) |
| 18:11 | Queue | Villager (Male) |
| 18:15 | Build | House |
| 18:21 | Build | Palisade Wall |
| 18:29 | Build | House |
| 18:43 | Build | Farm |
| 18:46 | Queue | Villager (Male) |
| 18:50 | Build | Palisade Wall |
| 18:51 | Build | Palisade Wall |
| 19:14 | Queue | Villager (Male) |
| 19:15 | Queue | Skirmisher |
| 19:42 | Queue | Villager (Male) |
| 19:44 | Build | Farm |
| 19:45 | Build | Farm |
| 20:18 | Queue | Villager (Male) |
| 20:27 | Build | Farm |
| 20:29 | Queue | Villager (Male) |
| 20:35 | Queue | Villager (Male) |
| 20:36 | Build | Farm |
| 20:48 | Queue | Archer |
| 21:01 | Queue | Archer |
| 21:03 | Queue | Villager (Male) |
| 21:06 | Build | House |
| 21:26 | Build | House |
| 21:41 | Build | Farm |
| 21:47 | Build | House |
| 21:49 | Build | House |
| 21:51 | Build | Palisade Wall |
| 21:51 | Build | Palisade Wall |
| 22:06 | Queue | Villager (Male) |
| 22:13 | Build | Farm |
| 22:30 | Build | Palisade Wall |
| 22:31 | Build | Palisade Wall |
| 22:33 | Build | Palisade Wall |
| 22:33 | Build | Palisade Wall |
| 22:37 | Build | Palisade Wall |
| 23:08 | Research | Castle Age |
| 23:08 | Research | Castle Age |
| 23:28 | Build | House |
| 23:30 | Build | House |
| 23:39 | Build | Stone Wall |
| 23:41 | Build | Stone Wall |
| 23:48 | Build | Stone Wall |
| 23:50 | Build | Stone Wall |
| 24:00 | Build | Stone Wall |
| 24:02 | Build | Stone Wall |
| 24:17 | Build | Stone Wall |
| 24:19 | Build | Stone Wall |
| 24:21 | Build | Stone Wall |
| 24:24 | Build | Stone Wall |
| 24:26 | Build | Stone Wall |
| 24:27 | Build | Stone Wall |
| 24:29 | Build | Stone Wall |
| 24:30 | Build | Stone Wall |
| 24:38 | Build | Stone Wall |
| 24:44 | Build | Stone Wall |
| 24:46 | Build | Stone Wall |
| 24:48 | Build | Stone Wall |
| 24:55 | Build | Stone Wall |
| 24:57 | Build | Stone Wall |
| 24:59 | Build | Stone Wall |
| 25:00 | Build | Stone Wall |
| 25:03 | Build | Gate |
| 25:07 | Build | Stone Wall |
| 25:09 | Build | Stone Wall |
| 25:35 | Build | Stone Wall |
| 25:47 | Build | Stone Wall |
| 25:48 | Age | Castle Age |
| 25:55 | Build | Monastery |
| 26:00 | Build | Siege Workshop |
| 26:13 | Build | Monastery |
| 26:22 | Build | Stone Wall |
| 26:23 | Build | Stone Wall |
| 26:24 | Build | Stone Wall |
Build order — Scruffles
First 150 of 213 actions detected
| 0:01 | Queue | Villager (Male) |
| 0:02 | Build | House |
| 0:03 | Build | House |
| 0:17 | Queue | Villager (Male) |
| 0:17 | Queue | Villager (Male) |
| 0:18 | Queue | Villager (Male) |
| 0:18 | Queue | Villager (Male) |
| 1:30 | Queue | Villager (Male) |
| 1:44 | Queue | Villager (Male) |
| 2:15 | Queue | Villager (Male) |
| 2:31 | Queue | Villager (Male) |
| 2:34 | Build | Lumber Camp |
| 2:38 | Build | House |
| 2:46 | Queue | Villager (Male) |
| 3:24 | Queue | Villager (Male) |
| 3:24 | Queue | Villager (Male) |
| 3:42 | Queue | Villager (Male) |
| 4:00 | Queue | Villager (Male) |
| 4:00 | Queue | Villager (Male) |
| 4:21 | Queue | Villager (Male) |
| 4:39 | Queue | Villager (Male) |
| 4:39 | Queue | Villager (Male) |
| 5:20 | Build | Mining Camp |
| 5:28 | Queue | Villager (Male) |
| 5:31 | Research | Loom |
| 6:00 | Build | Palisade Wall |
| 6:01 | Build | Palisade Wall |
| 6:42 | Build | Barracks |
| 6:50 | Research | Feudal Age |
| 6:50 | Research | Feudal Age |
| 7:12 | Queue | Militia |
| 7:13 | Queue | Militia |
| 7:31 | Queue | Militia |
| 7:38 | Build | House |
| 7:46 | Queue | Militia |
| 8:08 | Age | Feudal Age |
| 8:15 | Queue | Villager (Male) |
| 8:52 | Research | Man-at-Arms (upgrade) |
| 9:01 | Build | Palisade Wall |
| 9:05 | Build | Palisade Wall |
| 9:26 | Queue | Militia |
| 9:47 | Queue | Militia |
| 9:47 | Queue | Militia |
| 9:58 | Queue | Militia |
| 10:12 | Queue | Militia |
| 10:43 | Build | Palisade Wall |
| 10:46 | Build | Palisade Wall |
| 11:05 | Queue | Villager (Male) |
| 11:16 | Build | Stone Wall |
| 11:20 | Queue | Militia |
| 11:20 | Queue | Militia |
| 11:34 | Build | Mill |
| 11:49 | Queue | Villager (Male) |
| 11:50 | Queue | Militia |
| 12:04 | Build | House |
| 12:13 | Build | Stone Wall |
| 12:19 | Build | Stone Wall |
| 12:25 | Build | Stone Wall |
| 12:29 | Queue | Spearman |
| 12:57 | Build | Stone Wall |
| 13:07 | Queue | Villager (Male) |
| 13:36 | Queue | Villager (Male) |
| 13:38 | Build | Farm |
| 14:11 | Queue | Villager (Male) |
| 14:11 | Queue | Villager (Male) |
| 14:15 | Build | Farm |
| 14:27 | Queue | Militia |
| 14:32 | Build | Mill |
| 14:56 | Queue | Militia |
| 15:00 | Build | House |
| 15:01 | Queue | Villager (Male) |
| 15:04 | Build | Farm |
| 15:06 | Build | Farm |
| 15:07 | Build | Farm |
| 15:07 | Build | Farm |
| 15:08 | Build | Farm |
| 15:33 | Queue | Militia |
| 15:49 | Queue | Villager (Male) |
| 15:49 | Queue | Villager (Male) |
| 16:13 | Queue | Spearman |
| 16:13 | Queue | Militia |
| 16:21 | Queue | Villager (Male) |
| 16:22 | Build | Farm |
| 16:23 | Build | Farm |
| 16:53 | Queue | Villager (Male) |
| 16:53 | Queue | Villager (Male) |
| 17:17 | Build | Mining Camp |
| 17:32 | Queue | Villager (Male) |
| 17:32 | Queue | Villager (Male) |
| 17:35 | Queue | Villager (Male) |
| 17:36 | Queue | Villager (Male) |
| 18:20 | Queue | Villager (Male) |
| 18:20 | Queue | Villager (Male) |
| 18:27 | Build | Market |
| 18:57 | Build | House |
| 19:30 | Build | Blacksmith |
| 19:51 | Research | Castle Age |
| 19:51 | Research | Castle Age |
| 20:32 | Build | Stable |
| 21:00 | Research | Scale Barding Armor |
| 21:01 | Queue | Villager (Male) |
| 21:16 | Build | Mining Camp |
| 21:27 | Age | Castle Age |
| 21:30 | Queue | Battle Elephant |
| 21:35 | Build | Siege Workshop |
| 21:51 | Queue | Battle Elephant |
| 22:18 | Queue | Battering Ram |
| 22:46 | Queue | Battle Elephant |
| 23:03 | Build | House |
| 23:05 | Queue | Villager (Male) |
| 23:17 | Queue | Battering Ram |
| 23:41 | Queue | Scorpion |
| 23:48 | Queue | Battle Elephant |
| 23:54 | Build | Farm |
| 24:14 | Queue | Battle Elephant |
| 24:30 | Queue | Scorpion |
| 24:44 | Build | House |
| 25:18 | Queue | Battle Elephant |
| 25:37 | Queue | Battering Ram |
| 26:15 | Queue | Battle Elephant |
| 26:40 | Queue | Villager (Male) |
| 26:41 | Build | Farm |
| 27:16 | Queue | Battle Elephant |
| 27:44 | Queue | Villager (Male) |
| 27:44 | Queue | Villager (Male) |
| 27:46 | Build | Farm |
| 27:49 | Build | Farm |
| 28:11 | Research | Husbandry |
| 28:27 | Build | Stone Wall |
| 28:28 | Build | Stone Wall |
| 28:33 | Build | Stone Wall |
| 28:34 | Build | Stone Wall |
| 28:35 | Build | Stone Wall |
| 28:38 | Build | Stone Wall |
| 29:08 | Queue | Battering Ram |
| 29:09 | Queue | Battle Elephant |
| 29:24 | Queue | Villager (Male) |
| 29:24 | Queue | Villager (Male) |
| 29:27 | Build | Farm |
| 29:27 | Build | Farm |
| 29:32 | Queue | Militia |
| 29:43 | Build | Monastery |
| 30:11 | Queue | Militia |
| 30:11 | Queue | Militia |
| 30:12 | Queue | Militia |
| 30:37 | Research | Devotion |
| 30:37 | Research | Devotion |
| 31:11 | Queue | Villager (Male) |
| 31:14 | Build | Farm |
| 31:31 | Queue | Militia |
Match timeline
| 5:54 | twitch.tv/s0laf1d3 · first_building Barracks |
| 6:00 | Scruffles · wall_segment Palisade Wall x1 |
| 6:01 | Scruffles · wall_segment Palisade Wall x1 |
| 6:42 | Scruffles · first_building Barracks |
| 7:17 | twitch.tv/s0laf1d3 · wall_segment Palisade Wall x1 |
| 7:19 | twitch.tv/s0laf1d3 · wall_segment Palisade Wall x1 |
| 7:20 | twitch.tv/s0laf1d3 · wall_segment Palisade Wall x1 |
| 8:08 | Scruffles · age_up feudal |
| 8:54 | twitch.tv/s0laf1d3 · wall_segment Palisade Wall x1 |
| 9:01 | Scruffles · wall_segment Palisade Wall x1 |
| 9:05 | Scruffles · wall_segment Palisade Wall x1 |
| 9:17 | twitch.tv/s0laf1d3 · age_up feudal |
| 10:35 | twitch.tv/s0laf1d3 · wall_segment Palisade Wall x1 |
| 10:43 | Scruffles · wall_segment Palisade Wall x1 |
| 10:46 | Scruffles · wall_segment Palisade Wall x1 |
| 10:47 | twitch.tv/s0laf1d3 · wall_segment Palisade Wall x1 |
| 11:05 | twitch.tv/s0laf1d3 · wall_segment Palisade Wall x1 |
| 11:07 | twitch.tv/s0laf1d3 · wall_segment Palisade Wall x1 |
| 11:08 | twitch.tv/s0laf1d3 · wall_segment Palisade Wall x1 |
| 11:16 | Scruffles · wall_segment Stone Wall x7 |
| 11:59 | twitch.tv/s0laf1d3 · first_building Archery Range |
| 12:13 | Scruffles · wall_segment Stone Wall x9 |
| 12:19 | Scruffles · wall_segment Stone Wall x11 |
| 12:25 | Scruffles · wall_segment Stone Wall x8 |
| 12:33 | twitch.tv/s0laf1d3 · wall_segment Palisade Wall x1 |
| 12:36 | twitch.tv/s0laf1d3 · wall_segment Palisade Wall x1 |
| 12:38 | twitch.tv/s0laf1d3 · wall_segment Palisade Wall x1 |
| 12:51 | twitch.tv/s0laf1d3 · first_market_sell 100 wood |
| 12:55 | twitch.tv/s0laf1d3 · wall_segment Palisade Wall x1 |
| 12:57 | twitch.tv/s0laf1d3 · wall_segment Palisade Wall x1 |
| 12:57 | Scruffles · wall_segment Stone Wall x1 |
| 13:01 | twitch.tv/s0laf1d3 · wall_segment Palisade Wall x1 |
| 13:03 | twitch.tv/s0laf1d3 · wall_segment Palisade Wall x1 |
| 13:04 | twitch.tv/s0laf1d3 · wall_segment Palisade Wall x1 |
| 13:14 | twitch.tv/s0laf1d3 · wall_segment Palisade Wall x1 |
| 13:46 | twitch.tv/s0laf1d3 · wall_segment Palisade Wall x1 |
| 14:47 | twitch.tv/s0laf1d3 · wall_segment Palisade Wall x1 |
| 18:21 | twitch.tv/s0laf1d3 · wall_segment Palisade Wall x1 |
| 18:50 | twitch.tv/s0laf1d3 · wall_segment Palisade Wall x1 |
| 18:51 | twitch.tv/s0laf1d3 · wall_segment Palisade Wall x1 |
| 20:32 | Scruffles · first_building Stable |
| 21:27 | Scruffles · age_up castle |
| 21:35 | Scruffles · first_building Siege Workshop |
| 21:51 | twitch.tv/s0laf1d3 · wall_segment Palisade Wall x1 |
| 21:51 | twitch.tv/s0laf1d3 · wall_segment Palisade Wall x1 |
| 22:16 | Scruffles · first_market_sell 100 wood |
| 22:30 | twitch.tv/s0laf1d3 · wall_segment Palisade Wall x1 |
| 22:31 | twitch.tv/s0laf1d3 · wall_segment Palisade Wall x1 |
| 22:33 | twitch.tv/s0laf1d3 · wall_segment Palisade Wall x1 |
| 22:33 | twitch.tv/s0laf1d3 · wall_segment Palisade Wall x1 |
| 22:37 | twitch.tv/s0laf1d3 · wall_segment Palisade Wall x1 |
| 22:48 | twitch.tv/s0laf1d3 · first_market_buy 100 food |
| 23:39 | twitch.tv/s0laf1d3 · wall_segment Stone Wall x1 |
| 23:41 | twitch.tv/s0laf1d3 · wall_segment Stone Wall x1 |
| 23:48 | twitch.tv/s0laf1d3 · wall_segment Stone Wall x1 |
| 23:50 | twitch.tv/s0laf1d3 · wall_segment Stone Wall x1 |
| 24:00 | twitch.tv/s0laf1d3 · wall_segment Stone Wall x1 |
| 24:02 | twitch.tv/s0laf1d3 · wall_segment Stone Wall x1 |
| 24:17 | twitch.tv/s0laf1d3 · wall_segment Stone Wall x1 |
| 24:19 | twitch.tv/s0laf1d3 · wall_segment Stone Wall x1 |
| 24:21 | twitch.tv/s0laf1d3 · wall_segment Stone Wall x1 |
| 24:24 | twitch.tv/s0laf1d3 · wall_segment Stone Wall x1 |
| 24:26 | twitch.tv/s0laf1d3 · wall_segment Stone Wall x1 |
| 24:27 | twitch.tv/s0laf1d3 · wall_segment Stone Wall x1 |
| 24:29 | twitch.tv/s0laf1d3 · wall_segment Stone Wall x1 |
| 24:30 | twitch.tv/s0laf1d3 · wall_segment Stone Wall x1 |
| 24:38 | twitch.tv/s0laf1d3 · wall_segment Stone Wall x1 |
| 24:44 | twitch.tv/s0laf1d3 · wall_segment Stone Wall x1 |
| 24:46 | twitch.tv/s0laf1d3 · wall_segment Stone Wall x1 |
| 24:48 | twitch.tv/s0laf1d3 · wall_segment Stone Wall x1 |
| 24:55 | twitch.tv/s0laf1d3 · wall_segment Stone Wall x1 |
| 24:57 | twitch.tv/s0laf1d3 · wall_segment Stone Wall x1 |
| 24:59 | twitch.tv/s0laf1d3 · wall_segment Stone Wall x1 |
| 25:00 | twitch.tv/s0laf1d3 · wall_segment Stone Wall x1 |
| 25:07 | twitch.tv/s0laf1d3 · wall_segment Stone Wall x1 |
| 25:09 | twitch.tv/s0laf1d3 · wall_segment Stone Wall x1 |
| 25:35 | twitch.tv/s0laf1d3 · wall_segment Stone Wall x1 |
| 25:47 | twitch.tv/s0laf1d3 · wall_segment Stone Wall x1 |
| 25:48 | twitch.tv/s0laf1d3 · age_up castle |
| 25:55 | twitch.tv/s0laf1d3 · first_building Monastery |
| 26:00 | twitch.tv/s0laf1d3 · first_building Siege Workshop |
| 26:22 | twitch.tv/s0laf1d3 · wall_segment Stone Wall x1 |
| 26:23 | twitch.tv/s0laf1d3 · wall_segment Stone Wall x1 |
| 26:24 | twitch.tv/s0laf1d3 · wall_segment Stone Wall x1 |
| 26:45 | twitch.tv/s0laf1d3 · wall_segment Stone Wall x1 |
| 26:47 | twitch.tv/s0laf1d3 · wall_segment Palisade Wall x1 |
| 28:09 | Scruffles · first_market_buy 100 food |
| 28:27 | Scruffles · wall_segment Stone Wall x1 |
| 28:28 | Scruffles · wall_segment Stone Wall x1 |
| 28:33 | Scruffles · wall_segment Stone Wall x1 |
| 28:34 | Scruffles · wall_segment Stone Wall x1 |
| 28:35 | Scruffles · wall_segment Stone Wall x1 |
| 28:38 | Scruffles · wall_segment Stone Wall x1 |
| 29:43 | Scruffles · first_building Monastery |
| 41:40 | Scruffles · resign |
[ AI ANALYSIS · 1 CREDIT ]
What really happened in this match?
Wolo.gg analyzes every decision: build order, eco, micro, common mistakes by bracket. Personalized analysis on WhatsApp or Discord in 30 seconds.
Civ guide
Slavs
Perfil
twitch.tv/s0laf1d3